 Dungeon Crawl Stone Soup version 0.23.2-40-g277498a001 (webtiles) character file.

Game seed: 5009654781049994434

7662 DildoBatman the Tainter (level 11, -1/68 HPs)
             Began as a Formicid Wizard on Sept 8, 2019.
             Was an Elder of Kikubaaqudgha.
             Slain by an orc warrior
             ... wielding a +0 short sword
             ... led by an orc high priest
              (24 damage)
             ... on level 1 of the Orcish Mines.
             The game lasted 00:43:23 (10464 turns).

DildoBatman the Tainter (Formicid Wizard)          Turns: 10464, Time: 00:43:23

Health: -1/68      AC: 11    Str: 11    XL:     11   Next: 41%
Magic:  6/20       EV: 11    Int: 22    God:    Kikubaaqudgha [****..]
Gold:   332        SH:  0    Dex:  9    Spells: 0/22 levels left

rFire    . . .     SeeInvis +   a - +10 war axe of the Absolute Madman {protect, *Corrode *Slow +Inv rElec}
rCold    . . .     Gourm    .   (no shield)
rNeg     . . .     Faith    +   M - +1 leather armour {MR+}
rPois    .         Spirit   .   (helmet unavailable)
rElec    +         Reflect  .   I - +2 cloak
rCorr    .         Harm     .   H - +0 pair of gloves
MR       ++...                  j - +2 pair of boots
Stlth    ++........             O - amulet of faith
HPRegen  0.21/turn              (no ring)
MPRegen  0.17/turn              (no ring)

@: studying Unarmed Combat
A: permanent stasis, dig shafts and tunnels, four strong arms, antennae 3
a: Dig, Shaft Self, Receive Corpses, Renounce Religion, Evoke Invisibility


You were on level 1 of the Orcish Mines.
You worshipped Kikubaaqudgha.
Kikubaaqudgha was greatly pleased with you.
You were hungry.

You visited 3 branches of the dungeon, and saw 11 of its levels.

You collected 534 gold pieces.
You spent 202 gold pieces at shops.

Inventory:

Hand Weapons
 a - the +10 war axe of the Absolute Madman (weapon) {protect, *Corrode *Slow +Inv rElec}
   (You found it on level 8 of the Dungeon)

   It protects the one who uses it against injury (+AC on strike).
   It insulates you from electricity.
   It lets you turn invisible.
   It may corrode you when you take damage.
   It may slow you when you take damage.
 b - a +2 spear of freezing
 d - a +2 hand axe of flaming
Missiles
 e - 11 curare-tipped needles
 h - 133 stones (quivered)
 p - 149 arrows
 t - 65 bolts
 D - 18 tomahawks
 G - 24 poisoned needles
 S - 140 sling bullets
Armour
 j - a +2 pair of boots (worn)
 H - a +0 pair of gloves (worn)
 I - a +2 cloak (worn)
 K - a +0 ring mail of fire resistance
 M - a +1 leather armour of magic resistance (worn)
Jewellery
 r - an uncursed amulet of regeneration
 O - an amulet of faith (around neck)
Wands
 N - a wand of disintegration (10)
 P - a wand of flame (34)
Scrolls
 o - 4 scrolls of amnesia
 u - a scroll of fog {unknown}
 w - 2 scrolls of blinking {unknown}
 x - 7 scrolls of remove curse
 y - 4 scrolls of immolation {unknown}
 z - 7 scrolls of identify
 C - 3 scrolls of magic mapping
 J - a scroll of random uselessness {unknown}
 L - 2 scrolls of fear {unknown}
Potions
 c - 4 potions of invisibility
 g - a potion of berserk rage {unknown}
 i - 2 potions of magic {unknown}
 k - 2 potions of might {unknown}
 l - 3 potions of brilliance {unknown}
 m - 2 potions of agility {unknown}
 n - 2 potions of heal wounds
 q - 2 potions of lignification {unknown}
 s - 5 potions of curing
 A - 3 potions of resistance {unknown}
 F - 2 potions of haste {unknown}
 Q - a potion of flight {unknown}
Books
 E - a manual of Unarmed Combat
Comestibles
 f - 3 chunks of flesh
 v - 12 rations


   Skills:
 - Level 4.9(5.1) Axes
 - Level 2.0(3.7) Polearms
 - Level 1.7 Dodging
 - Level 2.4 Stealth
 - Level 6.3 Spellcasting
 - Level 6.3 Conjurations
   Level 1.0 Summonings
 - Level 8.0 Necromancy
   Level 0.8 Translocations
 - Level 4.0 Fire Magic
 - Level 4.1 Air Magic
 * Level 6.4 Earth Magic
 - Level 8.1 Poison Magic


You couldn't memorise any spells.
You knew the following spells:

 Your Spells              Type           Power        Failure   Level  Hunger
a - Conjure Flame         Conj/Fire      ####....     4%          3    #......
b - Borgnjor's Vile Clut  Necr/Erth      #####.....   17%         5    #####..
c - Magic Dart            Conj           ####         1%          1    None
d - Vampiric Draining     Necr           #####.....   1%          3    #......
e - Mephitic Cloud        Conj/Pois/Air  ####....     2%          3    #......
h - Dispel Undead         Necr           #####...     12%         5    #####..
z - Sublimation of Blood  Necr           #####.....   1%          2    None

Your spell library contained the following spells:

 Spells                   Type           Power        Failure   Level  Hunger
 Pain                     Necr           ####         1%          1    None
 Corpse Rot               Necr           N/A          1%          2    None
 Animate Dead             Necr           N/A          4%          4    ###....
 Summon Butterflies       Summ           ##......     8%          1    None
 Call Imp                 Summ           ##......     12%         2    None
 Slow                     Hex            #.......     17%         2    None
 Bolt of Draining         Conj/Necr      #####.....   17%         5    #####..
 Call Canine Familiar     Summ           ##......     22%         3    #......
 Excruciating Wounds      Chrm/Necr      ###.......   52%         5    #####..
 Summon Ice Beast         Ice/Summ       #.......     67%         4    ###....
 Summon Mana Viper        Hex/Summ       #.......     95%         5    #####..
 Summon Hydra             Summ           ##........   100%        7    #######
 Blink                    Tloc           Unusable     N/A         2    N/A

Dungeon Overview and Level Annotations

Branches:
Dungeon (9/15)             Temple (1/1) D:7            Lair (0/6) D:8
    Orc (1/2) D:9

Altars:
Ashenzari
Cheibriados
Dithmenos
Elyvilon
Fedhas
Gozag
Hepliaklqana
Kikubaaqudgha
Makhleb
Nemelex Xobeh
Okawaru
Qazlal
Ru
Sif Muna
Trog
Uskayaw
Vehumet
Wu Jian
Xom
Yredelemnul
Zin
The Shining One
Beogh

Shops:
D:5 ?*!%=


Innate Abilities, Weirdness & Mutations

You cannot be hasted, slowed, berserked, paralysed or teleported.
You can dig through walls and to a lower floor.
Your four strong arms can wield two-handed weapons with a shield.
You have a pair of large antennae on your head. (SInv)


Message History

Press: ? - help, Shift-Dir - straight line, f/p - orc warrior
Aim: an orc warrior, wielding a +0 flail of protection and wearing a +0 chain mail (severely wounded, unusually strong, constricted by zombie hands)
The orc warrior is almost dead.
You feel life coursing into your body.
The orc shouts!
The zombie hands constrict the orc warrior.
You kill the orc warrior!
Kikubaaqudgha accepts your kill.
An orc priest comes into view.
The orc warrior hits you with a +0 short sword.
Casting: Vampiric Draining (safe; 1% risk of failure)
Confirm with . or Enter, or press ? or * to list all spells.
Aiming: Vampiric Draining (safe; 1% risk of failure)
Press: ? - help, Shift-Dir - straight line, f - orc warrior
Aim: an orc warrior, wielding a +0 short sword and wearing a cursed +0 chain mail (lightly wounded, unusually strong)
The orc warrior is moderately wounded.
You feel life coursing into your body.
The orc warrior hits you with a +0 short sword!!
You die...
Kikubaaqudgha rasps: "You have failed me!
Welcome... death!"

. ### ..#
##.# ....
... .....
#.#
......#.###
.......<.)##
......#..)@#
..##. ##.o##
.. #.### ..
o.. #. ..o..
# ....#.
...### o.#


You could see an orc warrior, an orc priest and an orc.

Vanquished Creatures
  An orc high priest (D:9)
  Pikel (D:4)
  An elephant (D:8)
  A troll (D:9)
  Grinder (D:2)
  3 hippogriffs
  A spriggan (D:9)
  5 yaks
  2 basilisks (D:8)
  3 water moccasins
  7 orc warriors
  2 black bears
  A slave (D:4)
  2 sky beasts
  3 phantoms
  4 ice beasts
  6 ogres
  3 bullfrogs
  A wyvern zombie (D:6)
  2 crimson imps
  A bullfrog zombie (D:9)
  9 orc priests
  6 hounds
  3 bullfrog skeletons
  A jelly (D:7)
  15 orc wizards
  Jessica (D:2)
  Terence (D:2)
  An iguana (D:9)
  5 worker ants
  A hound zombie (D:6)
  A hound skeleton (D:8)
  4 gnolls (D:6)
  2 worker ant zombies
  14 adders
  2 shadow imps (D:5)
  An ooze (D:4)
  An adder zombie (D:7)
  3 adder skeletons
  4 worms
  3 dart slugs
  8 leopard geckos
  51 orcs
  6 giant cockroaches
  8 goblins
  6 hobgoblins
  13 jackals
  8 kobolds
  3 quokkas
  2 ball pythons
  13 bats
  2 frilled lizards
  A quokka skeleton (D:5)
  10 rats
260 creatures vanquished.

Vanquished Creatures (others)
  Crazy Yiuf (D:3)
  A quokka (D:7)
2 creatures vanquished.

Grand Total: 262 creatures vanquished

Notes
Turn   | Place    | Note
-------+----------+-------------------------------------------
     0 | D:1      | DildoBatman the Formicid Wizard began the quest for the
                  | Orb.
     0 | D:1      | Reached XP level 1. HP: 13/13 MP: 4/4
    13 | D:1      | Reached skill level 1 in Conjurations
   158 | D:1      | Reached XP level 2. HP: 15/19 MP: 4/6
   521 | D:1      | Reached XP level 3. HP: 24/24 MP: 2/7
   526 | D:1      | Learned a level 3 spell: Conjure Flame
   539 | D:1      | Learned a level 3 spell: Mephitic Cloud
  1070 | D:2      | Noticed Jessica
  1266 | D:2      | Reached XP level 4. HP: 30/30 MP: 1/8
  1796 | D:2      | Found a faded altar of an unknown god.
  1911 | D:2      | Noticed Terence
  2150 | D:3      | Noticed Grinder
  2486 | D:3      | Found a runed translucent door.
  2487 | D:3      | Noticed Crazy Yiuf
  2539 | D:3      | Reached XP level 5. HP: 35/35 MP: 4/9
  3481 | D:4      | Noticed an ogre
  3704 | D:4      | Noticed a phantom
  4107 | D:4      | Noticed a slave
  4107 | D:4      | Noticed a slave
  4355 | D:4      | Reached XP level 6. HP: 41/41 MP: 7/10
  4424 | D:4      | Reached skill level 5 in Conjurations
  4917 | D:5      | Entered Level 5 of the Dungeon
  4919 | D:5      | Found Equzisk's Jewellery Emporium.
  4919 | D:5      | Found Mino's Distillery.
  4922 | D:5      | Found Zidwimut's Food Emporium.
  4923 | D:5      | Found Kirghuxka's General Store.
  4996 | D:5      | Noticed a black bear
  4997 | D:5      | Found an ancient bone altar of Kikubaaqudgha.
  5004 | D:5      | Noticed an ogre
  5067 | D:5      | Became a worshipper of Kikubaaqudgha
  5082 | D:5      | Killed an ogre
  5082 | D:5      | Reached skill level 1 in Poison Magic
  5086 | D:5      | Killed a black bear
  5086 | D:5      | Reached skill level 1 in Fire Magic
  5086 | D:5      | Reached skill level 1 in Air Magic
  5086 | D:5      | Reached XP level 7. HP: 46/46 MP: 5/11
  5175 | D:4      | Noticed Pikel
  5319 | D:4      | Killed Pikel
  5319 | D:4      | Reached XP level 8. HP: 38/52 MP: 1/12
  5636 | D:3      | Killed Crazy Yiuf
  5844 | D:2      | Killed Grinder
  5844 | D:2      | Reached skill level 5 in Poison Magic
  6052 | D:2      | Killed Terence
  6105 | D:2      | Killed Jessica
  6263 | D:5      | Reached XP level 9. HP: 57/57 MP: 1/13
  6491 | D:5      | Found Asahaa's Magic Scroll Shoppe.
  6500 | D:5      | Bought a scroll of noise for 14 gold pieces
  6577 | D:5      | Found a shattered altar of Ashenzari.
  6578 | D:5      | Reached skill level 1 in Polearms
  6893 | D:5      | Bought 2 potions of curing for 84 gold pieces
  6897 | D:5      | Bought a potion of invisibility for 104 gold pieces
  6992 | D:6      | Reached * piety under Kikubaaqudgha
  6992 | D:6      | Identified Kikubaaqudgha's Tome of Dark Rites
                  | (Kikubaaqudgha gifted it to you on level 6 of the Dungeon)
  6992 | D:6      | Received a gift from Kikubaaqudgha
  7138 | D:6      | Learned a level 3 spell: Vampiric Draining
  7141 | D:6      | Learned a level 2 spell: Sublimation of Blood
  7241 | D:6      | Found a hide-covered altar of Uskayaw.
  7278 | D:6      | Reached skill level 5 in Spellcasting
  7393 | D:6      | Found a sparkling altar of Nemelex Xobeh.
  7394 | D:6      | Found an opulent altar of Gozag.
  7741 | D:7      | Found a basalt altar of Yredelemnul.
  7744 | D:7      | Noticed a hippogriff
  7752 | D:7      | Killed a hippogriff
  7757 | D:7      | Reached XP level 10. HP: 50/63 MP: 10/19
  7774 | D:7      | Reached ** piety under Kikubaaqudgha
  7774 | D:7      | Reached skill level 1 in Necromancy
  7882 | D:7      | Found a sacrificial altar of Ru.
  8023 | D:7      | Found a staircase to the Ecumenical Temple.
  8029 | Temple   | Entered the Ecumenical Temple
  8322 | D:7      | Found a white marble altar of Elyvilon.
  8531 | D:8      | Reached skill level 5 in Necromancy
  8624 | D:8      | Got a smoking war axe
  8630 | D:8      | Found a shimmering altar of Xom.
  8639 | D:8      | Found an ornate altar of the Wu Jian Council.
  8764 | D:8      | Identified the +10 war axe of the Absolute Madman {protect,
                  | *Corrode *Slow +Inv rElec} (You found it on level 8 of the
                  | Dungeon)
  8805 | D:8      | Noticed an elephant
  8818 | D:8      | Reached skill level 1 in Axes
  8873 | D:8      | Killed an elephant
  8907 | D:8      | Found a staircase to the Lair.
  8929 | D:8      | Found a bloodstained altar of Trog.
  8934 | D:8      | Reached *** piety under Kikubaaqudgha
  8934 | D:8      | Identified Kikubaaqudgha's Grimoire of Black Magic
                  | (Kikubaaqudgha gifted it to you on level 8 of the Dungeon)
  8934 | D:8      | Received a gift from Kikubaaqudgha
  9033 | D:8      | Found a glowing golden altar of the Shining One.
  9521 | D:9      | Found a staircase to the Orcish Mines.
  9602 | D:9      | Reached XP level 11. HP: 24/68 MP: 6/20
  9613 | D:9      | Found a shadowy altar of Dithmenos.
  9851 | D:9      | Learned a level 5 spell: Borgnjor's Vile Clutch
  9857 | D:9      | Learned a level 5 spell: Dispel Undead
  9933 | D:9      | Reached **** piety under Kikubaaqudgha
  9933 | D:9      | Reached skill level 1 in Earth Magic
  9946 | D:9      | Found a roughly hewn altar of Beogh.
 10412 | Orc:1    | Entered Level 1 of the Orcish Mines
 10412 | Orc:1    | Noticed an orc high priest
 10420 | D:9      | Reached skill level 5 in Earth Magic
 10443 | D:9      | Killed an orc high priest
 10457 | Orc:1    | Noticed an orc knight
 10464 | Orc:1    | Slain by an orc warrior

Skill      XL: |  1  2  3  4  5  6  7  8  9 10 11 |
---------------+----------------------------------+-----
Conjurations   | 1 2 3 4 5 6 |  6.3
Poison Magic   | 2 3 5 8 |  8.1
Fire Magic     | 1 2 4 |  4.0
Air Magic      | 1 2 3 4 |  4.1
Polearms       | 2 |  2.0
Spellcasting   | 6 |  6.3
Necromancy     | 7 8 |  8.0
Axes           | 4 |  4.9
Earth Magic    | 6 |  6.4
Dodging        | |  1.7
Stealth        | |  2.4
Summonings     | |  1.0
Translocations | |  0.8

Action                   |  1- 3 |  4- 6 |  7- 9 | 10-12 || total
-------------------------+-------+-------+-------+-------++-------
Melee: Unarmed           |     7 |       |       |       ||     7
       Dagger            |     2 |       |       |       ||     2
       Short sword       |     2 |    49 |    36 |       ||    87
       Whip              |       |       |    57 |       ||    57
       Spear             |       |       |   188 |   159 ||   347
       War axe           |       |       |       |   145 ||   145
 Cast: Magic Dart        |    80 |   139 |    88 |    36 ||   343
       Mephitic Cloud    |       |     7 |    29 |    27 ||    63
       Conjure Flame     |       |     3 |    21 |    20 ||    44
       Vampiric Draining |       |       |       |    13 ||    13
       Borgnjor's Vile C |       |       |       |     1 ||     1
 Abil: Dig               |       |     5 |     6 |     7 ||    18
  Use: Scroll            |       |       |     5 |       ||     5
 Stab: Sleeping          |       |     1 |     1 |     1 ||     3
       Confused          |       |     4 |     8 |    12 ||    24
  Eat: Chunk             |     1 |    13 |    10 |    10 ||    34
       Ration            |       |       |     1 |       ||     1
Armor: Robe              |     2 |    12 |    54 |    38 ||   106
       Leather armour    |       |       |       |    19 ||    19
Dodge: Dodged            |    13 |    54 |   109 |   120 ||   296
